[Event "December 19 Late 2023"]
[Site "https://www.chess.com"]
[Date "2023.12.19"]
[Round "1"]
[White "Guimaraes, Wagner Peixoto"]
[Black "Martin Fuentes, Alberto"]
[Result "1/2-1/2"]
[Board "108"]
[TimeControl "180+1"]
[WhiteFideId "2100940"]
[BlackFideId "2292289"]
[WhiteElo "2140"]
[BlackElo "2280"]
[WhiteTeam "BRA"]
[BlackTeam "ESP"]
[WhiteClock "0:00:06"]
[BlackClock "0:00:29"]

1. d4 Nf6 2. Nf3 c5 3. c3 cxd4 4. cxd4 e6 5. Nc3 Be7 6. e4 O-O 7. e5 Ne8 8. Bd3 d6 9. h4 dxe5 10. dxe5 h6 11. Qe2 Nc6 12. Qe4 f5 13. exf6 Nxf6 14. Qg6 Nb4 15. Bxh6 Nxd3+ 16. Ke2 Nf4+ 17. Bxf4 Qe8 18. Qxe8 Rxe8 19. Rhd1 b6 20. Ne5 Ba6+ 21. Ke3 Bc5+ 22. Kf3 Rf8 23. g3 Nd5 24. Nxd5 Bb7 25. Kg2 Bxd5+ 26. Kg1 Rfd8 27. a3 Bb3 28. Rxd8+ Rxd8 29. Re1 Rd5 30. h5 a5 31. g4 Rd4 32. Be3 Re4 33. Ng6 Rxg4+ 34. Kh2 Re4 35. Re2 Kf7 36. Rd2 Bxe3 37. fxe3 Rxe3 38. Rd6 Re2+ 39. Kg3 Rxb2 40. Rxb6 a4 41. Ne5+ Kf6 42. Ng6 Ra2 43. Kf4 Ra1 44. Rb8 Rf1+ 45. Kg4 Bd1+ 46. Kg3 Bxh5 47. Rf8+ Kxg6 48. Rxf1 Be2 49. Rf4 Bd1 50. Rb4 Bb3 51. Kf4 Kf6 52. Rb5 g6 53. Ra5 Ke7 54. Rg5 Bc2 55. Rb5 Kd6 56. Ra5 Kc6 57. Re5 Bb3 58. Rg5 Bd5 59. Rxg6 Kc5 60. Ke5 Kc4 61. Rg3 Kc5 62. Rh3 Kb5 63. Rg3 Kc4 64. Rh3 Kc5 65. Rg3 Bc4 66. Re3 Bb3 67. Rg3 Ba2 68. Rh3 Bb3 69. Rg3 Kc4 70. Rh3 Bc2 71. Rg3 Bd3 72. Rh3 Kc3 73. Rg3 Kc2 74. Kxe6 Bc4+ 75. Ke5 Bb3 76. Kd4 Kb2 77. Kc5 Kxa3 78. Rg1 Kb2 79. Rg7 a3 80. Ra7 a2 81. Rxa2+ Kxa2 1/2-1/2

[Event "December 19 Late 2023"]
[Site "https://www.chess.com"]
[Date "2023.12.19"]
[Round "1"]
[White "Perske, Thore"]
[Black "Gallegos Diaz, Carlos Alberto"]
[Result "0-1"]
[Board "109"]
[TimeControl "180+1"]
[WhiteFideId "12902195"]
[BlackFideId "3900886"]
[WhiteElo "2336"]
[BlackElo "2362"]
[WhiteTeam "GER"]
[BlackTeam "VEN"]
[WhiteClock "0:00:00"]
[BlackClock "0:00:26"]

1. d4 d6 2. g3 e6 3. Bg2 Nf6 4. e4 Be7 5. Ne2 O-O 6. O-O c5 7. h3 cxd4 8. Nxd4 a6 9. Be3 Qc7 10. Nc3 Bd7 11. a4 Nc6 12. Qd2 Ne5 13. b3 Rac8 14. Nce2 Rfd8 15. a5 Be8 16. f4 Ned7 17. g4 Nc5 18. Ng3 d5 19. e5 Nfe4 20. Nxe4 Nxe4 21. Qd3 Qc3 22. Rad1 Qxd3 23. Rxd3 Bb4 24. f5 Bd7 25. fxe6 fxe6 26. Ra1 Bc3 27. Rad1 Bxd4 28. Rxd4 Nc3 29. Re1 Bb5 30. Rd2 Ne4 31. Bxe4 dxe4 32. Red1 Rxd2 33. Rxd2 Bc6 34. Kf2 Kf7 35. Bb6 Re8 36. Ke3 Re7 37. Rf2+ Ke8 38. c4 Rf7 39. Rd2 Rf3+ 40. Ke2 Rxb3 41. Rd6 Ke7 42. Rd1 Rxh3 43. Bc5+ Kf7 44. Rd8 Rh4 45. Rf8+ Kg6 46. Be3 Rxg4 47. Bf2 e3 48. Be1 Rxc4 49. Kd3 Re4 50. Ke2 Rxe5 51. Bg3 Bb5+ 52. Kf3 Rf5+ 53. Rxf5 Kxf5 54. Kxe3 g5 0-1

[Event "December 19 Late 2023"]
[Site "https://www.chess.com"]
[Date "2023.12.19"]
[Round "1"]
[White "Slavin, Alexey"]
[Black "Mendoza, Rodrigo"]
[Result "1-0"]
[Board "110"]
[TimeControl "180+1"]
[WhiteFideId "24104388"]
[BlackFideId "3301931"]
[WhiteElo "2264"]
[BlackElo "2111"]
[WhiteTeam "RUS"]
[BlackTeam "BOL"]
[WhiteClock "0:01:09"]
[BlackClock "0:01:17"]

1. e4 c6 2. d4 d5 3. e5 Bf5 4. Nf3 e6 5. Be2 Nd7 6. O-O Ne7 7. c3 h6 8. a3 c5 9. b4 c4 10. a4 g5 11. Na3 a6 12. Nc2 Bg7 13. Ne3 Bg6 14. Ne1 O-O 15. f4 Nf5 16. Nxf5 Bxf5 17. fxg5 hxg5 18. Bg4 Bg6 19. Nf3 Bd3 20. Bxg5 Qe8 21. Rf2 f6 22. exf6 Nxf6 23. Bxf6 Rxf6 24. Qe1 Bh6 25. Ne5 Be4 26. Rxf6 1-0

[Event "December 19 Late 2023"]
[Site "https://www.chess.com"]
[Date "2023.12.19"]
[Round "1"]
[White "Srinath, Rao S.V."]
[Black "Gruzman, Ilya"]
[Result "0-1"]
[Board "111"]
[TimeControl "180+1"]
[WhiteFideId "5028876"]
[BlackFideId "2812703"]
[WhiteElo "2198"]
[BlackElo "1986"]
[WhiteTeam "IND"]
[BlackTeam "ISR"]
[WhiteClock "0:00:18"]
[BlackClock "0:00:05"]

1. d4 Nf6 2. Nf3 g6 3. c4 Bg7 4. g3 O-O 5. Bg2 d6 6. O-O c5 7. Nc3 Nc6 8. e3 Bf5 9. b3 Ne4 10. Bb2 Nxc3 11. Bxc3 Be4 12. Qd2 Qb6 13. Rac1 Bxf3 14. dxc5 dxc5 15. Bxf3 Rfd8 16. Qb2 Bxc3 17. Qxc3 Nb4 18. Ra1 Rd6 19. a3 Nc6 20. Rab1 Rad8 21. b4 Rd3 22. Qa1 cxb4 23. axb4 Nxb4 24. Rfc1 Qc5 25. Bxb7 Rd2 26. Bg2 Qf5 27. Rf1 Ra2 28. Qc3 a5 29. e4 Qc5 30. h4 Rd3 31. Qc1 Rdd2 32. Qe1 Nd3 33. Rb8+ Kg7 34. Rb5 Qxb5 35. cxb5 Nxe1 36. Rxe1 Rxf2 37. Bf1 Rfb2 38. Rc1 a4 39. e5 a3 40. e6 fxe6 41. Rc7 Kf6 42. Rc4 Ra1 43. Rf4+ Ke5 44. Rf3 Rbb1 45. Re3+ Kd6 46. Rd3+ Kc5 47. Rc3+ Kb6 48. Rc6+ Kb7 49. Kg2 Rxf1 50. Rxe6 Rfe1 51. Rc6 a2 0-1

[Event "December 19 Late 2023"]
[Site "https://www.chess.com"]
[Date "2023.12.19"]
[Round "1"]
[White "Kornyukov, Alexey"]
[Black "Chor, Kevin"]
[Result "0-1"]
[Board "112"]
[TimeControl "180+1"]
[WhiteFideId "4150457"]
[BlackFideId "2090740"]
[WhiteElo "2352"]
[BlackElo "2638"]
[WhiteTeam "RUS"]
[BlackTeam "USA"]
[WhiteClock "0:00:00"]
[BlackClock "0:00:28"]

1. d4 Nf6 2. c4 g6 3. f3 Bg7 4. e4 O-O 5. Nc3 d6 6. Bg5 Na6 7. Qd2 e5 8. d5 Qe8 9. Bd3 Nd7 10. g4 Ndc5 11. Bc2 f5 12. h3 Nb4 13. Bb1 a5 14. Be3 Qf7 15. Bxc5 dxc5 16. a3 Na6 17. Bd3 Bd7 18. O-O-O c6 19. gxf5 gxf5 20. Nge2 f4 21. Rdg1 Kh8 22. h4 Rab8 23. h5 Rfd8 24. Bc2 b5 25. dxc6 Bxc6 26. Nd5 bxc4 27. Nec3 Nb4 28. h6 Bf6 29. Rg2 Nxd5 30. exd5 Bxd5 31. Nxd5 Rxd5 32. Qe2 c3 33. Qe4 Rd7 34. Rhg1 Qa2 35. Bb1 cxb2+ 0-1

[Event "December 19 Late 2023"]
[Site "https://www.chess.com"]
[Date "2023.12.19"]
[Round "1"]
[White "Melian, Juan Sebastian"]
[Black "Obon Temprano, Sergi"]
[Result "0-1"]
[Board "113"]
[TimeControl "180+1"]
[WhiteFideId "3706575"]
[BlackFideId "2226545"]
[WhiteElo "2098"]
[BlackElo "2135"]
[WhiteTeam "PAR"]
[BlackTeam "ESP"]
[WhiteClock "0:00:00"]
[BlackClock "0:00:19"]

1. e4 e5 2. Nf3 Nc6 3. Bb5 Nge7 4. c3 g6 5. O-O Bg7 6. d4 d6 7. Re1 O-O 8. Nbd2 a6 9. Bxc6 Nxc6 10. dxe5 Nxe5 11. Nxe5 dxe5 12. Qe2 Be6 13. a4 Qe7 14. b3 Rfd8 15. Nc4 Qc5 16. Be3 Bxc4 17. bxc4 Qc6 18. f3 Rd7 19. Red1 Rad8 20. Rd5 a5 21. Rxa5 Rd3 22. Rd5 R8xd5 23. exd5 Qxc4 24. Rc1 e4 25. Bf2 exf3 26. gxf3 Qxd5 27. Rf1 h5 28. Rb1 Rxc3 29. Rb5 Qc6 30. a5 Kh7 31. Kg2 Rc2 0-1

[Event "December 19 Late 2023"]
[Site "https://www.chess.com"]
[Date "2023.12.19"]
[Round "1"]
[White "Kappeler, Kaspar"]
[Black "Cremisi, Daniel"]
[Result "0-1"]
[Board "114"]
[TimeControl "180+1"]
[WhiteFideId "1309072"]
[BlackFideId "2089882"]
[WhiteElo "2192"]
[BlackElo "2172"]
[WhiteTeam "SUI"]
[BlackTeam "USA"]
[WhiteClock "0:00:01"]
[BlackClock "0:02:02"]

1. c4 Nf6 2. Nc3 d5 3. cxd5 Nxd5 4. e4 Nxc3 5. bxc3 g6 6. Nf3 Bg7 7. h4 Bg4 8. Rb1 b6 9. Bb5+ c6 10. Bc4 O-O 11. h5 Nd7 12. h6 Bh8 13. Rh4 Ne5 14. Be2 Bf6 15. Rxg4 Nxg4 16. d4 e5 17. Qa4 Qd7 18. d5 Rfc8 19. Ba6 Rc7 20. dxc6 Qd6 21. Ba3 Qe6 22. Bc4 Qe8 23. Bd5 Rd8 24. Qb3 Nxh6 25. Rd1 Be7 26. Bc1 Ng4 27. a4 Bc5 28. a5 Nxf2 29. Rd2 bxa5 30. Rxf2 Bxf2+ 31. Kxf2 Qe7 32. Bg5 Qc5+ 33. Be3 Qf8 34. Bg5 Rb8 35. Qc4 Rb2+ 36. Kg3 a4 37. Bf6 a3 38. Bxe5 a2 39. Qxa2 Rxa2 40. Bxa2 Rc8 41. Bd5 Qc5 42. Ng5 Qe3+ 43. Kg4 h5+ 44. Kh4 Qf2+ 45. g3 Qh2+ 46. Nh3 g5+ 47. Kxg5 Qxh3 48. c7 Qd7 49. Kf6 Rxc7 50. Bxc7 Qxc7 51. e5 Qd8+ 52. Kf5 Qxd5 53. Kf6 Qe6+ 54. Kg5 Kg7 55. Kh4 Qg4# 0-1

[Event "December 19 Late 2023"]
[Site "https://www.chess.com"]
[Date "2023.12.19"]
[Round "1"]
[White "Karttunen, Mika"]
[Black "Shapiro, Daniel"]
[Result "1-0"]
[Board "115"]
[TimeControl "180+1"]
[WhiteFideId "502081"]
[BlackFideId "2001780"]
[WhiteElo "2396"]
[BlackElo "2300"]
[WhiteTeam "FIN"]
[BlackTeam "USA"]
[WhiteClock "0:00:53"]
[BlackClock "0:00:08"]

1. e4 c5 2. Nf3 Nc6 3. Bb5 e6 4. Bxc6 bxc6 5. e5 f6 6. Qe2 fxe5 7. Nxe5 Nf6 8. d3 Be7 9. b3 O-O 10. Bb2 Qc7 11. Nd2 d6 12. Nec4 e5 13. h3 Bf5 14. O-O-O Bg6 15. Rde1 Nd5 16. g3 Rf7 17. Ne4 Nb4 18. Kb1 d5 19. Nxe5 dxe4 20. Nxf7 Kxf7 21. dxe4 Kg8 22. f4 a5 23. a3 Na6 24. e5 a4 25. bxa4 Qb6 26. Ka1 Rb8 27. Rb1 Nc7 28. g4 Nd5 29. f5 Be8 30. e6 Qa5 31. Qe5 Bf6 32. Qxb8 Qxa4 33. Qxe8# 1-0

[Event "December 19 Late 2023"]
[Site "https://www.chess.com"]
[Date "2023.12.19"]
[Round "1"]
[White "Gao, Raymond"]
[Black "Vlassov, Nikolai"]
[Result "0-1"]
[Board "116"]
[TimeControl "180+1"]
[WhiteFideId "2629429"]
[BlackFideId "4103360"]
[WhiteElo "1953"]
[BlackElo "2351"]
[WhiteTeam "CAN"]
[BlackTeam "FID"]
[WhiteClock "0:00:01"]
[BlackClock "0:00:08"]

1. e3 Nf6 2. b3 g6 3. Bb2 Bg7 4. d4 O-O 5. Nf3 b6 6. Nbd2 Bb7 7. Be2 c5 8. O-O d6 9. a4 Nbd7 10. a5 Qc7 11. a6 Bc6 12. c4 e6 13. Qc2 Rad8 14. e4 cxd4 15. Nxd4 Ba8 16. f3 d5 17. Nb5 Qf4 18. exd5 exd5 19. Kh1 Rfe8 20. Rae1 dxc4 21. Nxc4 Nc5 22. b4 Ne6 23. Be5 Qh4 24. Bg3 Qh6 25. Ncd6 Nh5 26. Bf2 Be5 27. Nxe8 Rxe8 28. g3 Nxg3+ 29. Bxg3 Bxg3 30. Bc4 Bxe1 31. Bxe6 Rxe6 32. Qc8+ Kg7 33. Nxa7 Re2 34. Qc7 Bxb4 35. Nb5 Re1 36. Rxe1 Bxf3+ 37. Kg1 Qg5+ 38. Kf2 Bxe1+ 39. Kxe1 Qg1+ 40. Kd2 Qf2+ 41. Kc3 Qe3+ 42. Kb4 Qd2+ 43. Qc3+ Qxc3+ 44. Nxc3 h5 45. Kb5 g5 46. Kxb6 g4 47. Kc5 Ba8 48. Nd5 h4 49. Nb6 Bf3 50. Nd5 g3 51. hxg3 h3 52. a7 Bxd5 53. Kxd5 h2 54. Kc6 h1=Q+ 55. Kc7 Qa8 56. Kb6 Kg6 0-1

[Event "December 19 Late 2023"]
[Site "https://www.chess.com"]
[Date "2023.12.19"]
[Round "1"]
[White "Manukian, Artak"]
[Black "Cardozo Munar, Carlos Eduardo"]
[Result "1-0"]
[Board "117"]
[TimeControl "180+1"]
[WhiteFideId "13301373"]
[BlackFideId "4409477"]
[WhiteElo "2030"]
[BlackElo "2067"]
[WhiteTeam "ARM"]
[BlackTeam "COL"]
[WhiteClock "0:00:43"]
[BlackClock "0:00:00"]

1. e4 e6 2. d4 d5 3. e5 c5 4. c3 Nc6 5. Nf3 Qb6 6. a3 Nh6 7. b4 cxd4 8. cxd4 Nf5 9. Bb2 Bd7 10. g4 Nfe7 11. Nc3 h5 12. Na4 Qc7 13. g5 Nf5 14. Rc1 a6 15. Bd3 b5 16. Nc5 Bxc5 17. Rxc5 g6 18. Bxf5 gxf5 19. h4 Qb6 20. O-O Rc8 21. Qd3 Ke7 22. Rfc1 Na7 23. Ne1 Rc6 24. Ng2 Rxc5 25. Rxc5 Nc6 26. Nf4 Be8 27. Rxd5 Qb7 28. Rd6 Nd8 29. d5 Kf8 30. dxe6 Nxe6 31. Qxf5 Nxf4 32. Qxf4 Bc6 33. Rd8+ Be8 34. e6 Qe7 35. Rxe8+ Qxe8 36. Bxh8 Qxe6 37. Qb8+ Ke7 38. Bf6+ Kd7 39. Qb7+ Ke8 40. Qa8+ Kd7 41. Qa7+ Ke8 42. Qe3 1-0

[Event "December 19 Late 2023"]
[Site "https://www.chess.com"]
[Date "2023.12.19"]
[Round "1"]
[White "Khokhlova, Daria"]
[Black "Saveliev, Alexei"]
[Result "0-1"]
[Board "118"]
[TimeControl "180+1"]
[WhiteFideId "24182729"]
[BlackFideId "24128546"]
[WhiteElo "2032"]
[BlackElo "2257"]
[WhiteTeam "FID"]
[BlackTeam "RUS"]
[WhiteClock "0:01:22"]
[BlackClock "0:02:04"]

1. d4 g6 2. e4 Bg7 3. c4 d6 4. Nc3 Nc6 5. Be3 e5 6. Nge2 f5 7. exf5 Bxf5 8. g3 Nf6 9. Bg2 O-O 10. O-O Ng4 11. h3 Nxe3 12. fxe3 Qg5 13. e4 Bd7 14. d5 Nd4 15. Kh2 h5 16. Nxd4 exd4 17. Ne2 h4 18. g4 Qe3 19. Kh1 Bxg4 20. hxg4 h3 21. Rxf8+ Rxf8 22. Ng1 hxg2+ 23. Kxg2 Rf2+ 0-1

[Event "December 19 Late 2023"]
[Site "https://www.chess.com"]
[Date "2023.12.19"]
[Round "1"]
[White "Wang, Jalen"]
[Black "Paragua, Megan Althea"]
[Result "0-1"]
[Board "119"]
[TimeControl "180+1"]
[WhiteFideId "2078058"]
[BlackFideId "30973007"]
[WhiteElo "2150"]
[BlackElo "1961"]
[WhiteTeam "USA"]
[BlackTeam "USA"]
[WhiteClock "0:00:00"]
[BlackClock "0:00:01"]

1. d4 Nf6 2. Bf4 e6 3. e3 c5 4. Nc3 cxd4 5. exd4 d6 6. Qd2 Be7 7. O-O-O Nc6 8. Nf3 a6 9. Rg1 b5 10. g4 b4 11. Ne2 Bb7 12. Kb1 Na5 13. Bg2 Qb6 14. Nc1 Nc4 15. Qe2 Rc8 16. Nd2 Nxd2+ 17. Rxd2 Bxg2 18. Rxg2 Nd5 19. Qf3 Bf6 20. Be3 h6 21. Ka1 Qb5 22. Qe2 Qxe2 23. Nxe2 Ke7 24. Kb1 Rc7 25. Nf4 Nxf4 26. Bxf4 g5 27. Be3 Rhc8 28. f3 a5 29. h4 a4 30. Rh2 b3 31. hxg5 hxg5 32. a3 bxc2+ 33. Rxc2 Rxc2 34. Rxc2 Rxc2 35. Kxc2 Kd7 36. Kc3 Kc6 37. Kb4 Kd5 38. Kxa4 e5 39. dxe5 Bxe5 40. b4 Bf6 41. Kb3 Kc6 42. Kc4 d5+ 43. Kd3 Kb5 44. Bd4 Be7 45. Bc5 Bf6 46. Bd4 Be7 47. Bc3 Ka4 48. Kd4 Bf6+ 49. Kd3 Be7 50. Bb2 Bd8 51. Bc1 Bf6 52. Kc2 Be7 53. Bb2 Bd8 54. Kd2 Be7 55. Ke3 Kb3 56. Bc1 Kc2 57. Bd2 Bd6 58. Be1 Kb3 59. Kd4 Kxa3 60. b5 Bc7 61. Kxd5 Ka4 62. Kc6 Bf4 63. b6 Kb3 64. b7 Kc2 0-1

[Event "December 19 Late 2023"]
[Site "https://www.chess.com"]
[Date "2023.12.19"]
[Round "1"]
[White "Mazzilli, Piero"]
[Black "slidingknight2775"]
[Result "1/2-1/2"]
[Board "120"]
[TimeControl "180+1"]
[WhiteFideId "807087"]
[WhiteElo "2293"]
[BlackElo "2627"]
[WhiteTeam "ITA"]
[WhiteClock "0:00:06"]
[BlackClock "0:00:03"]

1. e4 c6 2. c4 d5 3. cxd5 cxd5 4. exd5 Nf6 5. Bb5+ Nbd7 6. Nc3 a6 7. Bxd7+ Qxd7 8. Qb3 b5 9. Nf3 Bb7 10. Ne5 Qd6 11. d4 Bxd5 12. Nxd5 Qxd5 13. Qxd5 Nxd5 14. Bd2 f6 15. Nd3 e6 16. Rc1 Kd7 17. Ke2 Bd6 18. Nc5+ Bxc5 19. Rxc5 Rhc8 20. Rhc1 Nb6 21. b3 Nd5 22. Kd3 Rc7 23. f3 Rac8 24. Rxc7+ Rxc7 25. Rxc7+ Kxc7 26. a4 Kc6 27. g4 bxa4 28. bxa4 Nb6 29. a5 Nc8 30. g5 Kd5 31. gxf6 gxf6 32. Bb4 Na7 33. Bc5 Nc6 34. Bb6 Ne7 35. Bd8 Nc6 36. Bb6 f5 37. h3 Nb4+ 38. Kc3 Nc6 39. Kd3 Ne7 40. Ke3 Ng6 41. Bd8 f4+ 42. Kd3 e5 43. dxe5 Nxe5+ 44. Ke2 Kc4 45. Bc7 Nc6 46. Bxf4 Nxa5 47. Bc7 Nc6 48. f4 a5 49. f5 Kd5 50. Kd3 a4 51. Kc3 h6 52. h4 h5 53. Bf4 Nd4 54. Kb4 Ke4 55. Bg5 Nxf5 56. Kxa4 Kf3 57. Kb4 Kg4 58. Kc4 Nxh4 59. Bd8 Ng6 60. Kd3 Kf3 61. Bf6 Nf4+ 62. Kd2 Nd5 63. Bd8 Ne3 64. Ke1 Kg2 65. Ke2 Ng4 66. Be7 Nh2 67. Bd8 Nf3 68. Be7 Nd4+ 69. Ke3 Nf5+ 70. Kf4 Ng3 71. Kg5 Kh3 72. Bd6 h4 73. Be7 Kg2 74. Kxh4 1/2-1/2

[Event "December 19 Late 2023"]
[Site "https://www.chess.com"]
[Date "2023.12.19"]
[Round "1"]
[White "Ibadov, Dashgyn"]
[Black "Golubenko, Valentina"]
[Result "1-0"]
[Board "121"]
[TimeControl "180+1"]
[WhiteFideId "24107514"]
[BlackFideId "4501993"]
[WhiteElo "2183"]
[BlackElo "2126"]
[WhiteTeam "FID"]
[BlackTeam "CRO"]
[WhiteClock "0:01:16"]
[BlackClock "0:00:06"]

1. e4 g6 2. d4 Bg7 3. Nc3 c6 4. f4 d5 5. e5 h5 6. Nf3 Bg4 7. Be3 Nh6 8. h3 Bxf3 9. Qxf3 Nf5 10. Bf2 e6 11. Bd3 Nd7 12. O-O O-O 13. g4 hxg4 14. hxg4 Nh6 15. Kg2 c5 16. dxc5 g5 17. Rh1 f5 18. gxf5 g4 19. Qe2 Nxf5 20. Qxg4 Qe7 21. Nxd5 exd5 22. Bxf5 Rxf5 23. Qxf5 Rf8 24. Qh7+ Kf7 25. Rae1 Qe6 26. f5 Qc6 27. e6+ Kf6 28. Qg6+ 1-0

[Event "December 19 Late 2023"]
[Site "https://www.chess.com"]
[Date "2023.12.19"]
[Round "1"]
[White "Nasybullina, Alfia"]
[Black "Golubev, Mikhail"]
[Result "0-1"]
[Board "122"]
[TimeControl "180+1"]
[WhiteFideId "4132416"]
[BlackFideId "14100983"]
[WhiteElo "1920"]
[BlackElo "2352"]
[WhiteTeam "KAZ"]
[BlackTeam "UKR"]
[WhiteClock "0:01:59"]
[BlackClock "0:00:06"]

1. d4 Nf6 2. Nf3 d6 3. Bg5 Nbd7 4. Nbd2 e5 5. dxe5 dxe5 6. e4 h6 7. Bh4 Be7 8. Bd3 O-O 9. O-O Nh5 10. Bg3 Nxg3 11. hxg3 c6 12. Nc4 Qc7 13. Re1 b5 14. Ne3 Nc5 15. Nf5 Bxf5 16. exf5 Bf6 17. Qe2 e4 18. Bxe4 Rfe8 19. Nd2 Bxb2 20. Rad1 Bc3 21. f3 Qxg3 22. Qf2 Qxf2+ 23. Kxf2 Nxe4+ 24. Rxe4 Red8 25. Ke2 Rxd2+ 26. Rxd2 Bxd2 27. Kxd2 Rd8+ 28. Ke2 Kf8 29. c4 a6 30. cxb5 axb5 31. a4 Rb8 32. axb5 cxb5 33. Rb4 Ke7 34. Kd3 Kd6 35. Kd4 Kc6 36. g4 Rd8+ 37. Ke4 Kc5 38. Rb1 Re8+ 39. Kf4 b4 40. g5 hxg5+ 41. Kxg5 f6+ 42. Kg6 Re7 43. Rc1+ Kb5 44. Rh1 Rb7 45. Rh7 b3 46. Rxg7 Rxg7+ 47. Kxg7 b2 48. Kxf6 b1=Q 49. f4 Qe4 50. Kg6 Qg2+ 51. Kf7 Kc6 52. f6 Kd7 53. Kf8 Qg6 54. f7 Qf6 55. f5 Qh8# 0-1

[Event "December 19 Late 2023"]
[Site "https://www.chess.com"]
[Date "2023.12.19"]
[Round "1"]
[White "Principe, Gerson"]
[Black "Romero Ruscalleda, Josep"]
[Result "1-0"]
[Board "123"]
[TimeControl "180+1"]
[WhiteFideId "3804550"]
[BlackFideId "2231859"]
[WhiteElo "2186"]
[BlackElo "2200"]
[WhiteTeam "PER"]
[BlackTeam "ESP"]
[WhiteClock "0:00:17"]
[BlackClock "0:00:10"]

1. d4 g6 2. Nf3 Bg7 3. e3 d6 4. Be2 Nf6 5. O-O O-O 6. b3 c5 7. Bb2 cxd4 8. Nxd4 Bd7 9. c4 Nc6 10. Nc3 Rc8 11. Rc1 Qa5 12. Nf3 Qh5 13. Nd4 Qg5 14. f4 Qc5 15. Qd2 Nxd4 16. exd4 Qc7 17. Bf3 a6 18. Rfe1 Rfe8 19. Nd1 Bg4 20. Bxg4 Nxg4 21. h3 Nf6 22. Nf2 Qb6 23. Re2 e6 24. Ree1 Qc7 25. b4 b6 26. a3 Qb7 27. Rc2 Rc7 28. Rec1 Rec8 29. Qd3 Nh5 30. g3 Re8 31. Kh2 Rce7 32. Re2 e5 33. dxe5 dxe5 34. fxe5 Bxe5 35. Bxe5 Rxe5 36. Rce1 Rxe2 37. Rxe2 Rxe2 38. Qxe2 Qc7 39. Qd3 h6 40. Ng4 Kh7 41. Qe3 g5 42. Qd3+ Kg7 43. Nf2 Qe5 44. Qf3 Qb2 45. Kg2 Nf6 46. c5 bxc5 47. bxc5 Qc2 48. h4 g4 49. Qf4 Qxc5 50. Qxf6+ Kxf6 51. Ne4+ Ke5 52. Nxc5 a5 53. Nb7 a4 54. Nc5 Kd4 55. Nxa4 Kc4 56. Nb6+ Kb5 57. Nd7 Ka4 58. Ne5 Kxa3 59. Nxg4 h5 60. Nf6 Kb4 61. Nxh5 Kc5 62. Nf4 Kd6 63. Kf3 Ke7 64. Kg4 Kf6 65. h5 Kg7 66. Kg5 Kh7 67. Kf6 Kg8 68. g4 Kf8 69. g5 Kg8 70. Nd3 Kf8 71. Ne5 Kg8 72. Nxf7 1-0

[Event "December 19 Late 2023"]
[Site "https://www.chess.com"]
[Date "2023.12.19"]
[Round "1"]
[White "petr577"]
[Black "Omelja, Artem"]
[Result "0-1"]
[Board "124"]
[TimeControl "180+1"]
[BlackFideId "14119846"]
[WhiteElo "2288"]
[BlackElo "2404"]
[BlackTeam "UKR"]
[WhiteClock "0:00:00"]
[BlackClock "0:02:02"]

1. d4 Nf6 2. Bg5 Nc6 3. Nf3 d6 4. Nc3 Bf5 5. Bxf6 exf6 6. e4 Bg4 7. Bb5 a6 8. Ba4 b5 9. Bb3 Na5 10. h3 Bh5 11. Qe2 Be7 12. O-O O-O 13. g4 Bg6 14. Nh4 Re8 15. f3 c6 16. d5 c5 17. a3 c4 18. Ba2 f5 19. Nxf5 Bxf5 20. gxf5 Bf6 21. Nd1 Nb7 22. Kh1 Nc5 23. Ne3 Bxb2 24. Rab1 Bd4 25. Ng4 g6 26. Qg2 Na4 27. Rbd1 Bg7 28. Rde1 Nc3 29. Bb1 Qh4 30. Rg1 Kh8 31. f4 Bd4 32. fxg6 fxg6 33. f5 Bxg1 34. Rxg1 Nxe4 35. fxg6 hxg6 36. c3 Nxc3 37. Bxg6 Rf8 38. Nh2 Rf2 39. Qg4 Qxg4 40. Rxg4 Nxd5 41. h4 Nf6 42. Rd4 d5 43. h5 a5 44. Bf7 b4 45. Bxd5 Rd8 0-1

[Event "December 19 Late 2023"]
[Site "https://www.chess.com"]
[Date "2023.12.19"]
[Round "1"]
[White "Tomb, Maroun"]
[Black "Merriman, John"]
[Result "0-1"]
[Board "125"]
[TimeControl "180+1"]
[WhiteFideId "5300398"]
[BlackFideId "402362"]
[WhiteElo "2621"]
[BlackElo "2207"]
[WhiteTeam "LBN"]
[BlackTeam "ENG"]
[WhiteClock "0:00:57"]
[BlackClock "0:00:26"]

1. e4 e6 2. d4 d5 3. Nd2 Be7 4. Ngf3 Nf6 5. e5 Nfd7 6. c3 c5 7. Bd3 Nc6 8. O-O a5 9. Re1 cxd4 10. cxd4 Qb6 11. a3 Nxd4 12. Nxd4 Qxd4 13. Nf3 Qb6 14. Qa4 O-O 15. Be3 Qd8 16. Qg4 f5 17. exf6 Nxf6 18. Qg3 Bd6 19. Qh4 e5 20. Ng5 e4 21. Bd4 h6 22. Nxe4 Nxe4 23. Rxe4 dxe4 24. Bc4+ Kh7 25. Qxe4+ Bf5 26. Qd5 Qc7 27. Bc3 Rad8 28. Kh1 Bxh2 29. Qf3 Qxc4 30. Kxh2 Bg6 31. Qxb7 Qf4+ 32. Kh1 Rf7 33. Qb6 Rd5 34. f3 Rh5+ 35. Kg1 Qh2+ 36. Kf2 Rg5 37. Rg1 Qg3+ 38. Kf1 Bd3# 0-1

[Event "December 19 Late 2023"]
[Site "https://www.chess.com"]
[Date "2023.12.19"]
[Round "1"]
[White "Copeland, Samuel"]
[Black "Ezat, Mohamed"]
[Result "0-1"]
[Board "126"]
[TimeControl "180+1"]
[WhiteFideId "2007347"]
[BlackFideId "10600906"]
[WhiteElo "2284"]
[BlackElo "2367"]
[WhiteTeam "USA"]
[BlackTeam "EGY"]
[WhiteClock "0:01:34"]
[BlackClock "0:02:28"]

1. e4 c6 2. Nc3 d5 3. Nf3 Bg4 4. h3 Bh5 5. exd5 cxd5 6. Bb5+ Nc6 7. g4 Bg6 8. Ne5 Rc8 9. d4 e6 10. h4 f6 11. Nxg6 hxg6 12. Qd3 f5 13. Bf4 Nf6 14. Bg5 Bb4 15. O-O-O Qa5 16. Rde1 Ne4 17. f3 Bxc3 18. bxc3 Qa3+ 19. Kd1 Nf2+ 20. Kd2 Nxd3 21. Rxe6+ Kf7 0-1

[Event "December 19 Late 2023"]
[Site "https://www.chess.com"]
[Date "2023.12.19"]
[Round "1"]
[White "Lizak, Peter"]
[Black "Mohammad, Fahim"]
[Result "1-0"]
[Board "127"]
[TimeControl "180+1"]
[WhiteFideId "731595"]
[BlackFideId "10206248"]
[WhiteElo "2420"]
[BlackElo "2177"]
[WhiteTeam "HUN"]
[BlackTeam "FRA"]
[WhiteClock "0:00:11"]
[BlackClock "0:00:04"]

1. d4 d5 2. Nc3 c5 3. e4 dxe4 4. d5 Nf6 5. Bf4 a6 6. Nge2 g6 7. Ng3 Bg7 8. Qd2 O-O 9. O-O-O b5 10. Bh6 Bb7 11. Bxg7 Kxg7 12. Ncxe4 Nbd7 13. h4 Bxd5 14. h5 Nxe4 15. Qxd5 Ndf6 16. Qe5 Qb8 17. h6+ Kg8 18. Qxb8 Raxb8 19. Nxe4 Nxe4 20. Re1 Nxf2 21. Rh4 f5 22. Rxe7 Rf7 23. Re5 Rd8 24. Be2 Rfd7 25. b3 Ne4 26. Bd3 Nf2 27. Be2 Rd2 28. g4 fxg4 29. Bxg4 Nxg4 30. Rxg4 Rd1+ 31. Kb2 R1d5 32. Re7 R5d7 33. Re6 Rd6 34. Re5 Kf7 35. Rf4+ Rf6 36. Rfe4 c4 37. Re7+ Kg8 38. Rg7+ Kf8 39. Ree7 Rc8 40. Rxh7 b4 41. bxc4 a5 42. Reg7 Ke8 43. Rg8+ Rf8 44. Rxg6 a4 45. Rgg7 a3+ 46. Kb3 Rf3+ 47. Ka4 Ra8+ 48. Kb5 Rb8+ 49. Kc6 Rf6+ 50. Kc7 Ra8 51. Rg8+ Rf8 52. Rxf8+ Kxf8 53. Rh8+ 1-0

[Event "December 19 Late 2023"]
[Site "https://www.chess.com"]
[Date "2023.12.19"]
[Round "1"]
[White "Haraguchi, Diego Sashaki"]
[Black "Kokoszczynski, Jan"]
[Result "0-1"]
[Board "128"]
[TimeControl "180+1"]
[WhiteFideId "22729925"]
[BlackFideId "1174460"]
[WhiteElo "2185"]
[BlackElo "2266"]
[WhiteTeam "BRA"]
[BlackTeam "POL"]
[WhiteClock "0:00:16"]
[BlackClock "0:00:34"]

1. d4 Nf6 2. c4 g6 3. Nc3 Bg7 4. e4 d6 5. Be2 O-O 6. Be3 e5 7. d5 a5 8. Nf3 Na6 9. O-O Nh5 10. a3 Nf4 11. Rb1 f5 12. b4 Nxe2+ 13. Qxe2 f4 14. Bd2 g5 15. Ne1 g4 16. Nd3 Rf6 17. f3 Rg6 18. b5 Nc5 19. Nxc5 dxc5 20. b6 cxb6 21. Qd3 Qh4 22. Be1 g3 23. h3 Bxh3 24. gxh3 Qxh3 25. Qe2 g2 26. Kf2 Qg3+ 27. Kg1 gxf1=Q+ 0-1